 Dungeon Crawl Stone Soup version 0.31-a0-237-g2d982f9f85 (webtiles) character file.

Game seed: 11967042632480267771

14641 qw the Marksgargoyle (level 12, -3/77 HPs)
             Began as a Gargoyle Hexslinger on July 10, 2023.
             Was an Elder of Okawaru.
             Killed from afar by a will-o-the-wisp (11 damage)
             ... with a foxfire
             ... on level 2 of the Lair of Beasts.
             The game lasted 00:03:07 (7278 turns).

qw the Marksgargoyle (Gargoyle Hexslinger)          Turns: 7278, Time: 00:03:07

Health: -3/77      AC: 18    Str: 18    XL:     12   Next: 18%
Magic:  13/15      EV: 15    Int: 10    God:    Okawaru [****..]
Gold:   1657       SH:  0    Dex: 16    Spells: 12/13 levels left

rFire   + . .        a - +10 longbow of Watchfulness {heavy, *Corrode rC+++ rN+ Int-5}
rCold   + + +        (shield currently unavailable)
rNeg    + + .        d - +0 ring mail
rPois   inf          j - +1 helmet
rElec   +            (no cloak)
rCorr   .            n - +1 pair of gloves
SInv    .            b - +0 pair of boots
Will    .....        k - amulet of the acrobat
Stlth   ++           l - +6 ring of strength
HPRegen 0.32/turn    t - ring of protection from fire
MPRegen 0.14/turn

%: corrode self (3%), acrobat
@: about to teleport, heroic, corroded
A: sickness immunity, AC +8, negative energy resistance 1, electricity
resistance, torment resistance 1, petrification resistance, talons 1
a: Renounce Religion, Heroism, Finesse


You were on level 2 of the Lair of Beasts.
You worshipped Okawaru.
Okawaru was greatly pleased with you.
You visited 3 branches of the dungeon, and saw 11 of its levels.

You collected 1657 gold pieces.


Innate Abilities, Weirdness & Mutations

You are immune to sickness and miasma.
Your stone body is resilient. (AC +8)
You are immune to poison.
You resist negative energy. (rN+)
You are resistant to electric shocks. (rElec)
You are resistant to unholy torment.
You are immune to petrification.
You have sharp toenails.


   Skills:
 - Level 10.0(15.0) Fighting
 + Level 15.2(20.2) Ranged Weapons
 - Level 5.2(10.2) Armour
 - Level 4.0(9.0) Dodging
 - Level 1.0 Spellcasting
 - Level 2.6 Hexes
 + Level 4.5 Invocations


You had 12 spell levels left.
You knew the following spells:

 Your Spells              Type           Power      Damage    Failure   Level
a - Slow                  Hex            20%        N/A       19%         1

Your spell library contained the following spells:

 Spells                   Type           Power      Damage    Failure   Level
 Inner Flame              Hex/Fire       3%         N/A       67%         3
 Portal Projectile        Hex/Tloc       6%         N/A       67%         3
 Cause Fear               Hex            2%         N/A       87%         4

Inventory:

Hand Weapons
 a - the +10 longbow of Watchfulness (weapon) {heavy, *Corrode rC+++ rN+ Int-5}
   (You acquired it on level 1 of the Dungeon)

   Int:       It affects your intelligence (-5).
   rC:        It renders you almost immune to cold.
   rN:        It protects you from negative energy.
   *Corrode:  It may corrode you when you take damage.
Armour
 b - a +0 pair of boots (worn)
 d - a +0 ring mail (worn)
 i - the +0 helmet of Skepticism {+Inv rF+ Will- Str+2}
   (You found it on level 4 of the Dungeon)

   Str:       It affects your strength (+2).
   rF:        It protects you from fire.
   +Inv:      It lets you turn invisible.
   Will:      It decreases your willpower.
 j - a +1 helmet (worn)
 m - a +0 cloak
 n - a +1 pair of gloves (worn)
Jewellery
 k - an amulet of the acrobat (around neck)
 l - a +6 ring of strength (left hand)
 t - a ring of protection from fire (right hand)
Wands
 p - a wand of digging (5)
Scrolls
 g - 2 scrolls of enchant weapon
 q - a scroll of vulnerability {unknown}
 r - 2 scrolls of teleportation
 s - 2 scrolls of identify
Potions
 c - a potion of might
 e - a potion of heal wounds
 f - a potion of enlightenment
 h - 3 potions of resistance
 o - 3 potions of mutation

Dungeon Overview and Level Annotations

Branches:
Dungeon (8/15)             Temple (1/1) D:7            Lair (2/5) D:8
  Swamp: Lair:2-3    Shoals: Lair:2-3     Snake: Lair:2-3    Spider: Lair:2-3

Altars:
Ashenzari
Cheibriados
Dithmenos
Elyvilon
Fedhas
Gozag
Hepliaklqana
Kikubaaqudgha
Makhleb
Nemelex Xobeh
Okawaru
Qazlal
Ru
Sif Muna
Trog
Uskayaw
Vehumet
Wu Jian
Yredelemnul
Zin
The Shining One


Message History

The elephant tramples you!
You hold your ground!
The elephant trunk-slaps you but does no damage.
The elephant tramples you but does no damage.
The elephant trunk-slaps you but does no damage. 2 foxfires come into view.
You shoot an arrow. The arrow hits the elephant!
The elephant is moderately wounded.
The elephant barely misses you. The elephant trunk-slaps you.
The foxfire hits you! You resist.
7274 ||| INVOKING Heroism.
You gain the combat prowess of a mighty hero.
The foxfire hits you. You resist. The elephant barely misses you.
The elephant trunk-slaps you but does no damage.
You shoot an arrow. The arrow hits the elephant.
The elephant is heavily wounded.
The elephant closely misses you. The elephant barely misses you.
The will-o-the-wisp gestures.
The will-o-the-wisp conjures some foxfire! 2 foxfires come into view.
You shoot an arrow. The arrow hits the elephant!
The elephant is severely wounded.
The foxfire hits you! You resist. The elephant barely misses you.
The elephant trunk-slaps you but does no damage.
The foxfire hits you. You resist.
You shoot an arrow. The arrow hits the elephant!
The elephant is almost dead.
The will-o-the-wisp gestures.
The will-o-the-wisp conjures some foxfire!
The elephant tramples you!
You stumble backwards! 2 foxfires come into view.
Enter note:
Enter note:
Enter note:
7278 ||| READING 3 scrolls of teleportation.
As you read the scroll of teleportation, it crumbles to dust.
You feel strangely unstable. The foxfire hits you. You resist.
The elephant misses you.
The elephant trunk-slaps you but does no damage.
The foxfire hits you! You resist.
You die...

.......%....##.#.#......
#..#.#.#...P..#.##...#..
...####.#............####
... ...^...............
... #.#.#.#.............
.... ######..............
....P###.##.......[......
....¤¤%v............>....
....¤.vY@................
.##.####..............###
###...#.............###.
........................
....................%...
##.P#...##....#.P##.....
## ######P.P########...
## ###.## #####..
###.###P#..#####P###..


You could see an elephant and a will-o-the-wisp.

Vanquished Creatures
  Urug (Lair:2)
  Pikel (D:5)
  A cyclops (D:7)
  2 elephants (Lair:2)
  A black mamba (Lair:2)
  6 cane toads
  4 komodo dragons
  A troll (D:7)
  4 yaks
  A human (D:7)
  A wyvern (Lair:1)
  3 hogs (D:7)
  A steam dragon (D:8)
  4 wargs
  21 water moccasins
  A swamp drake (Lair:1)
  4 orc warriors (D:7)
  3 sky beasts
  2 ice beasts
  3 black bears
  8 ogres (D:7)
  3 centaurs
  A lemure (D:5)
  A kobold brigand (D:7)
  3 scorpions (D:6)
  6 bullfrogs
  3 gnoll sergeants
  5 wights (D:6)
  An oklob sapling (D:7)
  10 howler monkeys
  An electric eel (Lair:1)
  8 orc priests
  12 hounds
  2 gnoll boudas (D:7)
  3 jellies (D:6)
  Ijyb (D:4)
  A sleepcap (D:7)
  An iguana (D:4)
  14 orc wizards
  6 hell rats (Lair:2)
  11 gnolls
  23 adders
  A shadow imp (D:4)
  A white imp (D:7)
  3 worms
  3 dart slugs
  28 orcs
  8 ball pythons
  3 endoplasms
  6 goblins
  5 hobgoblins
  3 jackals (D:1)
  5 kobolds
  3 quokkas
  5 bats
  2 rats
265 creatures vanquished.

Vanquished Creatures (others)
  9 foxfires (Lair:2)
9 creatures vanquished.

Grand Total: 274 creatures vanquished

Notes
Turn   | Place    | Note
-------+----------+-------------------------------------------
     0 | D:1      | qw the Gargoyle Hexslinger began the quest for the Orb.
     0 | D:1      | Reached XP level 1. HP: 12/12 MP: 2/2
     0 | D:1      | 0 ||| qw: Version: 0.3-a-52-g30416fa
     0 | D:1      | 0 ||| qw: Game counter: 5004
     0 | D:1      | 0 ||| qw: Melee chars always use a shield: true
     0 | D:1      | 0 ||| qw: God list: Okawaru
     0 | D:1      | 0 ||| qw: Allow faded altars: false
     0 | D:1      | 0 ||| qw: Do Orc after clearing Dungeon:15 true
     0 | D:1      | 0 ||| qw: Do second Lair branch before Depths: true
     0 | D:1      | 0 ||| qw: Lair rune preference: random
     0 | D:1      | 0 ||| qw: Goals: Normal
     0 | D:1      | 0 ||| PLANNING D:1-11
    61 | D:1      | Found a faded altar of an unknown god.
   149 | D:1      | Reached XP level 2. HP: 12/16 MP: 3/3
   331 | D:1      | Reached skill level 3 in Ranged Weapons
   745 | D:1      | 745 ||| UPGRADING to +0 ring mail.
   755 | D:1      | 755 ||| DROPPING +0 robe.
   756 | D:1      | 756 ||| UPGRADING to amulet of the acrobat.
   761 | D:1      | 761 ||| DROPPING ring of wizardry.
   762 | D:1      | 762 ||| READING scroll labelled OSMEXE YKOCVA.
   763 | D:1      | 763 ||| READING scroll labelled TUXASKE ZISE.
   763 | D:1      | Identified a scroll of acquirement
   763 | D:1      | 763 ||| ACQUIRING +10 longbow of Watchfulness {heavy,
                  | *Corrode rC+++ rN+ Int-5}
   763 | D:1      | Acquired the +10 longbow of Watchfulness {heavy, *Corrode
                  | rC+++ rN+ Int-5}
   765 | D:1      | 765 ||| SWAPPING to +10 longbow of Watchfulness {heavy,
                  | *Corrode rC+++ rN+ Int-5}.
   766 | D:1      | 766 ||| DROPPING +1 sling.
   767 | D:1      | 767 ||| DROPPING scroll of poison.
   798 | D:2      | Reached XP level 3. HP: 17/21 MP: 4/4
  1234 | D:2      | 1234 ||| UPGRADING to +0 pair of boots.
  1239 | D:2      | 1239 ||| READING scroll labelled TIJOAS WEKUSIE.
  1240 | D:2      | 1240 ||| READING scroll labelled DAUNTU TESYRPHO.
  1241 | D:2      | 1241 ||| DRINKING 2 orange potions.
  1376 | D:3      | Reached skill level 1 in Armour
  1402 | D:3      | Reached XP level 4. HP: 26/26 MP: 5/5
  1517 | D:3      | 1517 ||| Stepping ~*~*~tactically~*~*~ (outnumbered).
  1522 | D:3      | Reached skill level 4 in Ranged Weapons
  1622 | D:3      | Reached XP level 5. HP: 30/30 MP: 6/6
  1790 | D:3      | 1790 ||| UPGRADING to +0 pair of gloves.
  1795 | D:3      | 1795 ||| READING 3 scrolls labelled ROXU COKHLIORY.
  1796 | D:3      | 1796 ||| READING scroll labelled INOERCH RACUOWN.
  1797 | D:3      | 1797 ||| READING scroll labelled TENYDE PYKKI.
  1798 | D:3      | 1798 ||| READING scroll labelled ZOACEE UTUHOET.
  1799 | D:3      | 1799 ||| DRINKING 3 fuming cyan potions.
  1800 | D:3      | 1800 ||| DRINKING 2 inky potions.
  1801 | D:3      | 1801 ||| DROPPING 2 potions of invisibility.
  1802 | D:3      | 1802 ||| DROPPING potion of attraction.
  1815 | D:4      | Found a shimmering blue altar of Sif Muna.
  1815 | D:4      | Found a bloodstained altar of Trog.
  1815 | D:4      | Found a hide-covered altar of Uskayaw.
  1815 | D:4      | Found a broken altar of Ashenzari.
  1826 | D:4      | Reached skill level 5 in Ranged Weapons
  1882 | D:4      | Identified the +0 helmet of Skepticism {+Inv rF+ Will-
                  | Str+2}
  2004 | D:4      | Found an opulent altar of Gozag.
  2188 | D:4      | Reached skill level 3 in Fighting
  2188 | D:4      | Reached XP level 6. HP: 37/37 MP: 7/7
  2272 | D:4      | 2272 ||| Stepping ~*~*~tactically~*~*~ (outnumbered).
  2371 | D:4      | Noticed Ijyb
  2373 | D:4      | Killed Ijyb
  2555 | D:4      | 2555 ||| UPGRADING to +0 helmet of Skepticism {+Inv rF+
                  | Will- Str+2}.
  2560 | D:4      | 2560 ||| UPGRADING to +6 ring of strength.
  2561 | D:4      | 2561 ||| READING scroll labelled PUBANO TOAQA.
  2564 | D:4      | 2564 ||| DRINKING 2 ruby potions.
  2565 | D:4      | 2565 ||| DRINKING 2 fuming red potions.
  2571 | D:5      | Entered Level 5 of the Dungeon
  2764 | D:5      | 2764 ||| FLEEEEING.
  2765 | D:5      | 2765 ||| FLEEEEING.
  2766 | D:5      | 2766 ||| FLEEEEING.
  2767 | D:5      | 2767 ||| FLEEEEING.
  2768 | D:5      | 2768 ||| FLEEEEING.
  2769 | D:5      | 2769 ||| FLEEEEING.
  2770 | D:5      | 2770 ||| FLEEEEING.
  2771 | D:5      | 2771 ||| FLEEEEING.
  2772 | D:5      | 2772 ||| FLEEEEING.
  2774 | D:5      | Reached skill level 6 in Ranged Weapons
  2993 | D:5      | Reached XP level 7. HP: 41/41 MP: 8/8
  3258 | D:5      | Noticed Pikel
  3266 | D:5      | Killed Pikel
  3267 | D:5      | Reached skill level 8 in Ranged Weapons
  3267 | D:5      | Reached XP level 8. HP: 45/48 MP: 9/9
  3501 | D:5      | 3501 ||| DROPPING ring of magical power.
  3502 | D:5      | 3502 ||| DRINKING 2 green potions.
  3502 | D:5      | Gained mutation: You have sharp toenails. [potion of
                  | mutation]
  3669 | D:6      | Reached skill level 9 in Ranged Weapons
  3823 | D:6      | Reached skill level 3 in Armour
  3894 | D:6      | Reached skill level 6 in Fighting
  3894 | D:6      | Reached XP level 9. HP: 55/55 MP: 10/10
  3909 | D:6      | Identified the +10 hand axe of Painful Death {heavy, Int+2}
  3928 | D:6      | 3928 ||| READING scroll of acquirement.
  3928 | D:6      | 3928 ||| ACQUIRING 910 gold pieces
  3928 | D:6      | Acquired 910 gold pieces
  4074 | D:6      | 4074 ||| DROPPING ring of flight.
  4075 | D:6      | 4075 ||| DRINKING 2 sedimented clear potions.
  4076 | D:6      | 4076 ||| DROPPING potion of degeneration.
  4083 | D:7      | Found a staircase to the Ecumenical Temple.
  4084 | D:7      | 4084 ||| PLANNING TEMPLE
  4106 | D:7      | Reached skill level 10 in Ranged Weapons
  4114 | D:7      | 4114 ||| FLEEEEING.
  4115 | D:7      | 4115 ||| FLEEEEING.
  4116 | D:7      | 4116 ||| STAIRDANCE
  4190 | Temple   | Entered the Ecumenical Temple
  4236 | Temple   | 4236 ||| PLANNING OKAWARU WORSHIP
  4307 | Temple   | Became a worshipper of Warmaster Okawaru
  4308 | Temple   | 4308 ||| PLANNING D:1-11
  4336 | D:7      | Noticed a troll
  4340 | D:7      | Killed a troll
  4453 | D:7      | Reached * piety under Okawaru
  4455 | D:7      | Reached skill level 11 in Ranged Weapons
  4455 | D:7      | Reached skill level 1 in Invocations
  4460 | D:7      | Reached skill level 3 in Dodging
  4460 | D:7      | Reached XP level 10. HP: 46/63 MP: 10/12
  4462 | D:7      | 4462 ||| INVOKING Heroism.
  4464 | D:7      | Reached skill level 3 in Invocations
  4747 | D:7      | 4747 ||| FLEEEEING.
  4767 | D:7      | 4767 ||| INVOKING Heroism.
  4829 | D:7      | Reached ** piety under Okawaru
  4897 | D:7      | 4897 ||| INVOKING Heroism.
  5021 | D:7      | 5021 ||| FLEEEEING.
  5022 | D:7      | 5022 ||| FLEEEEING.
  5023 | D:7      | 5023 ||| DRINKING 2 potions of curing.
  5023 | D:7      | 5023 ||| (to cure confusion)
  5033 | D:7      | 5033 ||| INVOKING Heroism.
  5094 | D:7      | 5094 ||| INVOKING Heroism.
  5126 | D:7      | Reached skill level 12 in Ranged Weapons
  5164 | D:7      | 5164 ||| INVOKING Heroism.
  5195 | D:7      | 5195 ||| UPGRADING to ring of protection from fire.
  5196 | D:7      | 5196 ||| READING scroll labelled FYNADO XICUW.
  5213 | D:7      | 5213 ||| DRINKING 2 potions of curing.
  5213 | D:7      | 5213 ||| (to cure confusion)
  5235 | D:7      | Noticed a cyclops
  5236 | D:7      | 5236 ||| INVOKING Heroism.
  5238 | D:7      | Killed a cyclops
  5301 | D:7      | 5301 ||| READING 3 scrolls of identify.
  5301 | D:7      | 5301 ||| IDENTIFYING purple potion
  5302 | D:7      | 5302 ||| READING 2 scrolls of identify.
  5302 | D:7      | 5302 ||| IDENTIFYING lumpy sapphire potion
  5303 | D:7      | 5303 ||| DROPPING potion of ambrosia.
  5499 | D:8      | 5499 ||| FLEEEEING.
  5500 | D:8      | 5500 ||| FLEEEEING.
  5502 | D:8      | 5502 ||| INVOKING Heroism.
  5504 | D:8      | Reached skill level 13 in Ranged Weapons
  5509 | D:8      | Reached XP level 11. HP: 69/69 MP: 12/14
  5511 | D:8      | 5511 ||| DRINKING potion of curing.
  5511 | D:8      | 5511 ||| (to cure confusion)
  5513 | D:8      | 5513 ||| Stepping ~*~*~tactically~*~*~ (outnumbered).
  5519 | D:8      | Reached skill level 9 in Fighting
  5589 | D:8      | Found a radiant altar of Vehumet.
  5666 | D:8      | Found a staircase to the Lair.
  5892 | D:8      | 5892 ||| PLANNING LAIR
  5892 | D:8      | 5892 ||| READING 2 scrolls labelled RIKKACVYPP.
  5893 | D:8      | 5893 ||| READING scroll of enchant armour.
  5893 | D:8      | 5893 ||| ENCHANTING +0 pair of gloves.
  5894 | D:8      | 5894 ||| DRINKING 2 murky silvery potions.
  5895 | D:8      | 5895 ||| READING 2 scrolls of identify.
  5895 | D:8      | 5895 ||| IDENTIFYING viscous blue potion
  5896 | D:8      | 5896 ||| DROPPING potion of brilliance.
  5920 | Lair:1   | Entered Level 1 of the Lair of Beasts
  5922 | Lair:1   | 5922 ||| INVOKING Heroism.
  5935 | Lair:1   | Reached *** piety under Okawaru
  6003 | Lair:1   | 6003 ||| INVOKING Heroism.
  6020 | Lair:1   | 6020 ||| INVOKING Heroism.
  6026 | Lair:1   | HP: 17/71 [bullfrog (4)]
  6027 | Lair:1   | 6027 ||| READING 4 scrolls of teleportation.
  6029 | Lair:1   | 6029 ||| DRINKING 2 potions of heal wounds.
  6093 | Lair:1   | 6093 ||| INVOKING Heroism.
  6111 | Lair:1   | Reached skill level 14 in Ranged Weapons
  6187 | Lair:1   | 6187 ||| INVOKING Heroism.
  6399 | Lair:1   | 6399 ||| INVOKING Heroism.
  6503 | Lair:1   | 6503 ||| INVOKING Heroism.
  6598 | Lair:1   | 6598 ||| INVOKING Heroism.
  6759 | Lair:1   | 6759 ||| INVOKING Heroism.
  6843 | Lair:1   | 6843 ||| UPGRADING to +1 helmet.
  6853 | Lair:1   | 6853 ||| READING scroll labelled PUTUGRYUSE.
  6998 | Lair:2   | 6998 ||| INVOKING Heroism.
  7051 | Lair:2   | 7051 ||| INVOKING Heroism.
  7071 | Lair:2   | Reached XP level 12. HP: 77/77 MP: 15/15
  7216 | Lair:2   | 7216 ||| INVOKING Heroism.
  7250 | Lair:2   | Noticed Urug
  7251 | Lair:2   | 7251 ||| INVOKING Heroism.
  7256 | Lair:2   | Killed Urug
  7256 | Lair:2   | Reached **** piety under Okawaru
  7257 | Lair:2   | Reached skill level 15 in Ranged Weapons
  7274 | Lair:2   | 7274 ||| INVOKING Heroism.
  7277 | Lair:2   | HP: 14/77 [elephant (11)]
  7278 | Lair:2   | 7278 ||| READING 3 scrolls of teleportation.
  7278 | Lair:2   | Killed from afar by a will-o-the-wisp

Levels and vault maps discovered:
D:1:      lightli_arrival_farm, layout_basic, shapermc_ecumenical_altar_gd,
          corner_web_ring
D:2:      layout_rooms, serial_glass, glass_columns_b, glass_columns_a
D:3:      layout_basic, minmay_snake_closets
D:4:      layout_basic, nicolae_gozag_cash_rules_everything_around_me,
          chequers_temple_overflow_statue_of_worship, uniq_ijyb
D:5:      layout_loops_corners, saegor_snake_ambush, uniq_pikel
D:6:      layout_basic, grunt_tough_drop
D:7:      lemuel_castle_with_subvaults [lemuel_castle_interior_carwin_1],
          layout_cave_pools, minmay_temple_entry_oklob, grunt_livestock
D:8:      layout_loops_cross, mainiacjoe_overflow_small_starburst,
          erik_lair_orcish_takeover, kennysheep_generic_room_15
Temple:   nicolae_temple_superstar
Lair:1:   lemuel_reptile_caves, layout_gridlike
Lair:2:   layout_long_grid, minmay_swamp_entry_wisps, uniq_urug

Skill      XL: |  1  2  3  4  5  6  7  8  9 10 11 12 |
---------------+-------------------------------------+-----
Ranged Weapons | 3 4 5 6 8 9 11 13 14 15 | 15.2
Fighting       | 2 3 4 6 7 8 10 | 10.0
Armour         | 1 2 3 4 5 |  5.2
Dodging        | 2 3 4 |  4.0
Invocations    | 2 4 |  4.5
Spellcasting   | |  1.0
Hexes          | |  2.6

Action                     |  1- 3 |  4- 6 |  7- 9 | 10-12 || total
---------------------------+-------+-------+-------+-------++-------
   Fire: Sling             |    21 |       |       |       ||    21
         Longbow           |    32 |    77 |    99 |   288 ||   496
 Invoke: Heroism           |       |       |       |    22 ||    22
    Use: Scroll            |     4 |     5 |     1 |     9 ||    19
         Potion            |     1 |     4 |     2 |     5 ||    12
 Armour: Ring mail         |    11 |    22 |    43 |   113 ||   189
  Dodge: Dodged            |    22 |    24 |    50 |   152 ||   248

Table legend:
 A = Non-vault XP
 B = Vault XP
 C = Vault XP percentage of total XP
 D = Non-vault monster count
 E = Vault monster count
 F = Vault count percentage of total count
                 A         B        C        D         E       F
            +---------+---------+-------+---------+---------+-------
      Total |   11199 |    9718 |  46.5 |     146 |     118 |  44.7
            +---------+---------+-------+---------+---------+-------
        D:1 |      20 |       0 |   0.0 |      10 |       0 |   0.0
        D:2 |      32 |       0 |   0.0 |      11 |       0 |   0.0
        D:3 |      77 |      75 |  49.3 |      12 |      12 |  50.0
        D:4 |     179 |      38 |  17.5 |      18 |       1 |   5.3
        D:5 |     387 |     633 |  62.1 |      18 |       3 |  14.3
        D:6 |     996 |     167 |  14.4 |      18 |       3 |  14.3
        D:7 |    1035 |    4694 |  81.9 |      11 |      61 |  84.7
        D:8 |     996 |     627 |  38.6 |      15 |       8 |  34.8
     Lair:1 |    4130 |    2697 |  39.5 |      17 |      29 |  63.0
     Lair:2 |    3347 |     787 |  19.0 |      16 |       1 |   5.9
            +---------+---------+-------+---------+---------+-------
